 Dungeon Crawl Stone Soup version 0.30.0-15-g856e2d3f33 (webtiles) character file.

Game seed: 7632247536549656547

98 wingedge the Grasshopper (level 5, -10/41 HPs)
             Began as a Human Wanderer on May 18, 2023.
             Mangled by an iguana (13 damage)
             ... on level 3 of the Dungeon.
             The game lasted 00:14:40 (2993 turns).

wingedge the Grasshopper (Human Wanderer)           Turns: 2993, Time: 00:14:41

Health: -10/41     AC:  4    Str: 10 (11) XL:     5   Next: 0%
Magic:  1/6        EV: 10    Int: 14 (15) God:
Gold:   139        SH:  4    Dex: 11 (13) Spells: 3/6 levels left

rFire   + . .        a - +0 hand axe
rCold   . . .        d - +0 buckler
rNeg    . . .        c - +0 robe
rPois   .            t - +0 helmet
rElec   .            (no cloak)
rCorr   .            m - +0 pair of gloves
SInv    .            (no boots)
Will    .....        k - amulet of the acrobat
Stlth   +            p - ring of protection from fire
HPRegen 0.26/turn    (no ring)
MPRegen 0.10/turn

%: acrobat
@: attractive, very slightly contaminated
A: no striking features
a: no special abilities


You were on level 3 of the Dungeon.
You visited 1 branch of the dungeon, and saw 4 of its levels.

You collected 139 gold pieces.

Inventory:

Hand Weapons
 a - a +0 hand axe (weapon)
 b - a +0 dagger
 g - a +0 short sword
 n - a +0 sling
Missiles
 r - 4 boomerangs (quivered)
Armour
 c - a +0 robe (worn)
 d - a +0 buckler (worn)
 f - a +0 ring mail
 m - a +0 pair of gloves (worn)
 t - a +0 helmet (worn)
Jewellery
 k - an amulet of the acrobat (around neck)
 p - a ring of protection from fire (left hand)
Scrolls
 i - a scroll of brand weapon {unknown}
 j - a scroll of noise
 l - 3 scrolls of identify
 q - a scroll of amnesia {unknown}


   Skills:
 - Level 3.0 Fighting
 - Level 1.0 Stealth
 - Level 3.0 Shields
 + Level 1.0 Spellcasting
 - Level 4.0 Translocations
 + Level 2.0 Air Magic
 + Level 2.3 Poison Magic


You had 3 spell levels left.
You knew the following spells:

 Your Spells              Type           Power      Damage    Failure   Level
a - Apportation           Tloc           22%        N/A       8%          1
b - Poisonous Vapours     Pois/Air       12%        N/A       24%         2

Your spell library contained the following spells:

 Spells                   Type           Power      Damage    Failure   Level
 Cigotuvi's Dreadful Rot  Necr/Pois/Air  8%         N/A       32%         2
 Volatile Blastmotes      Fire/Tloc      12%        2d11      45%         3
 Manifold Assault         Tloc           11%        N/A       58%         4


Dungeon Overview and Level Annotations

Branches:
Dungeon (4/15)
 Temple: D:4-7

Altars:

Shops:
D:1 [   D:3 (


Message History

The iguana looks even sicker.
The iguana is lightly wounded.
Throw: dart (poison)
Press: ? - help, Shift-Dir - straight line, f/p - iguana
Aim: an iguana (lightly wounded, very poisoned, 61% to hit)
You throw a poisoned dart.
The poisoned dart closely misses the iguana.
Throw: 4 boomerangs
Press: ? - help, Q - select action, (/) - cycle Shift-Dir - straight line, f/p - iguana
Aim: an iguana (lightly wounded, very poisoned, 61% to hit)
You throw a boomerang. The boomerang barely misses the iguana.
You completely miss the iguana.
The iguana is lightly wounded.
The iguana bites you!
You barely miss the iguana.
The iguana is moderately wounded.
The iguana bites you! The iguana barely misses you.
It was a potion of attraction.
You feel attractive to monsters. The iguana bites you!
* * * LOW HITPOINT WARNING * * *
It was a potion of degeneration.
There was something very wrong with that liquid.
You feel weakened.
You feel dopey.
You feel clumsy. The iguana bites you.
* * * LOW HITPOINT WARNING * * *
Blink to where?
Press: ? - help, Dir - move target, p - iguana
As you read the scroll of blinking, it crumbles to dust.
The iguana is attracted toward you. The iguana is attracted toward you.
The iguana attacks as you move away! The iguana barely misses you.
Blink to where?
Press: ? - help, Dir - move target
As you read the scroll of blinking, it crumbles to dust.
The iguana looks more healthy.
The iguana is attracted toward you.
As you read the scroll labelled HOZXIC KA BOXT, it crumbles to dust.
You hear a loud clanging noise!
It was a scroll of noise.
The iguana bites you!
You die...

####################....#
#####.........<..........##.##
#.....######.##############..#
##......# #..# #######..#
#.......# ##># #####.........
#.......# ###.###.....###.#...
##.......####...............#...
##.......[............#######....
#..#.......#..8.@l§.8.####.......
...#..............§..............
§..............###.####...§§.....
...#..[...##.#.....####..........
...#########....#....#####...#.#.
..## ####.##.#.....).(##.#. ..#
#............(.#.## ..#
##.#.#####..#...... ..#
#.#.#####........#


You could see an iguana.

Vanquished Creatures
  5 adders
  An orc (D:3)
  3 bats (D:1)
  4 endoplasms
  3 giant cockroaches
  6 goblins
  3 hobgoblins
  3 jackals (D:3)
  4 quokkas
  4 ball pythons
  4 frilled lizards
  A kobold (D:1)
  9 rats
50 creatures vanquished.

Notes
Turn   | Place    | Note
-------+----------+-------------------------------------------
     0 | D:1      | wingedge the Human Wanderer began the quest for the Orb.
     0 | D:1      | wingedge set off with the following items: a +0 dagger, a
                  | scroll of fear, a +0 robe, a +0 buckler; and the following
                  | spell memorised: Apportation; and the following spells
                  | available to memorise: Poisonous Vapours, Cigotuvi's
                  | Dreadful Rot, Volatile Blastmotes, Manifold Assault.
     0 | D:1      | Reached XP level 1. HP: 13/13 MP: 2/2
   170 | D:1      | Reached skill level 1 in Fighting
   199 | D:1      | Reached XP level 2. HP: 17/21 MP: 3/3
   510 | D:1      | Found Raycw's Armour Boutique.
   617 | D:1      | Reached XP level 3. HP: 27/27 MP: 4/4
   977 | D:2      | Reached skill level 1 in Air Magic
  1426 | D:2      | Reached XP level 4. HP: 10/34 MP: 5/5
  1551 | D:2      | Learned a level 2 spell: Poisonous Vapours
  2184 | D:3      | Reached skill level 1 in Stealth
  2388 | D:3      | Found Gogrur Muyrgh's Antique Weapon Shop.
  2618 | D:4      | Noticed a scorpion
  2650 | D:4      | Reached XP level 5. HP: 23/41 MP: 6/6
  2988 | D:3      | HP: 2/41 [iguana (5)]
  2993 | D:3      | Mangled by an iguana

Illustrated notes

Levels and vault maps discovered:
D:1:      dpeg_arrival_houses_and_road, layout_loops_ring, serial_shops, shop,
          minivault_26
D:2:      layout_loops_ring
D:3:      layout_rooms, serial_shops, shop_statue
D:4:      layout_loops_ring

Skill      XL: |  1  2  3  4 |
---------------+-------------+-----
Fighting       | 1 2 3 |  3.0
Air Magic      | 1 2 |  2.0
Stealth        | 1 |  1.0
Shields        | |  3.0
Spellcasting   | |  1.0
Translocations | |  4.0
Poison Magic   | |  2.3

Action                     |  1- 3 |  4- 6 || total
---------------------------+-------+-------++-------
  Melee: Dagger            |    61 |    56 ||   117
         Short sword       |    15 |       ||    15
         Hand axe          |    69 |    65 ||   134
   Fire: Sling             |       |     1 ||     1
  Throw: Dart              |     9 |    25 ||    34
         Boomerang         |       |     5 ||     5
   Cast: Poisonous Vapours |       |     2 ||     2
    Use: Scroll            |     1 |     5 ||     6
         Potion            |       |     2 ||     2
 Armour: Scale mail        |    11 |       ||    11
         Ring mail         |    49 |    55 ||   104
  Dodge: Dodged            |    62 |    63 ||   125
  Block: Buckler           |    33 |    25 ||    58
